 Dungeon Crawl Stone Soup version 0.30.1-11-g7821555f0a (webtiles) character file.

Game seed: 11636640529516531478

91 KittyFluff the Trooper (level 4, 0/43 HPs)
             Began as a Gargoyle Berserker on Oct 29, 2023.
             Was a Priest of Trog.
             Slain by Robin
             ... wielding a +0 short sword
              (4 damage)
             ... on level 2 of the Dungeon.
             The game lasted 00:07:07 (1545 turns).

KittyFluff the Trooper (Gargoyle Berserker)         Turns: 1545, Time: 00:07:07

Health: 0/43       AC: 11    Str: 22    XL:     4   Next: 57%
Magic:  4/4        EV: 11    Int:  8    God:    Trog [***...]
Gold:   86         SH:  0    Dex:  9    Spells: 3/3 levels left

rFire   . . .        h - +0 mace
rCold   . . .        (no shield)
rNeg    + . .        n - +0 leather armour
rPois   ∞            (no helmet)
rElec   +            (no cloak)
rCorr   +            (no gloves)
SInv    .            (no boots)
Will    .....        (no amulet) Stlth
                     c - +4 ring of protection
HPRegen 0.27/turn    l - ring of resist corrosion
MPRegen 0.09/turn

%: no passive effects
@: berserking, very quick
A: sickness immunity, AC +3, negative energy resistance 1, electricity
resistance, torment resistance 1, petrification resistance
a: Renounce Religion, Berserk, Trog's Hand


You were on level 2 of the Dungeon.
You worshipped Trog.
Trog was most pleased with you.
You visited 1 branch of the dungeon, and saw 2 of its levels.

You collected 86 gold pieces.

Inventory:

Hand Weapons
 g - a +0 club
 h - a +0 mace (weapon)
 o - a +0 sling
Armour
 a - a +0 animal skin
 n - a +0 leather armour (worn)
Jewellery
 c - a +4 ring of protection (left hand)
 f - a ring of positive energy
 l - a ring of resist corrosion (right hand)
Scrolls
 j - a scroll of fear {unknown}
 k - 2 scrolls of identify {unknown}
Potions
 b - a potion of heal wounds {unknown}
 d - a potion of mutation {unknown}
 e - 3 potions of curing {unknown}
 i - a potion of lignification {unknown}
 m - a potion of might
 p - a potion of magic {unknown}


   Skills:
 + Level 4.0 Fighting
 + Level 1.0 Maces & Flails
 + Level 3.1 Armour
 + Level 2.3 Dodging
 - Level 3.3 Unarmed Combat


You had 3 spell levels left.
You didn't know any spells.
Your spell library was empty.

Dungeon Overview and Level Annotations

Branches:
Dungeon (2/15)

Altars:

Annotations:
D:2 Robin


Innate Abilities, Weirdness & Mutations

You are immune to sickness and miasma.
Your stone body is resilient. (AC +3)
You are immune to poison.
You resist negative energy. (rN+)
You are resistant to electric shocks. (rElec)
You are resistant to unholy torment.
You are immune to petrification.


Message History

The hobgoblin no longer looks unusually strong.
Robin roars a battlecry!
The hobgoblin goes into a battle-frenzy!
The goblin misses you. The rat bites you but does no damage.
The endoplasm freezes you.
You are frozen.
You sock the endoplasm!
You kill the endoplasm!
Trog accepts your kill. The goblin hits you but does no damage.
The rat misses you. The goblin barely misses you.
You barely miss Robin. The rat closely misses you.
Robin hits you with a +0 short sword. The goblin hits you but does no damage.
The rat bites you. Robin hits you with a +0 short sword.
You hit Robin.
Robin is lightly wounded.
The goblin hits you with a +0 club. The rat bites you but does no damage.
Robin hits you but does no damage.
You barely miss Robin.
Robin is lightly wounded.
The goblin hits you but does no damage. The rat bites you but does no damage.
Robin hits you but does no damage. The goblin hits you but does no damage.
You closely miss Robin.
Robin is lightly wounded.
The rat bites you but does no damage. Robin hits you with a +0 short sword.
* * * LOW HITPOINT WARNING * * *
The goblin barely misses you. The rat closely misses you.
Robin hits you but does no damage.
You thump Robin!
Robin is heavily wounded.
The goblin no longer looks unusually strong.
The goblin closely misses you. The rat barely misses you.
Robin hits you with a +0 short sword.
* * * LOW HITPOINT WARNING * * *
The goblin hits you with a +0 club.
* * * LOW HITPOINT WARNING * * *
A red film seems to cover your vision as you go berserk!
You feel yourself moving faster!
You feel mighty! The rat bites you but does no damage.
Robin hits you with a +0 short sword.
You die...

#.......# #..[....#
#.......# ##......#
#.......#####.....##
######...)......[.#
####.#.......# ####
#...#.....# ##...
###..##.....# ##..##
#...##g.....# #..###
#..gg@).....# #≈≈~~~##
#...##r...#.. #≈###≈# #..##
g...# ..#≈≈≈≈≈# ##.#
....#.... #≈≈#
#..............#....~ #≈~##
#..............#....~≈#≈~.#
#.........g....#....~≈≈≈~.#
#.......g....... ..#≈###~.#
#........g.r... #≈≈~≈~.#


You could see Robin (strong), a hobgoblin (strong), 2 goblins and a rat.

Vanquished Creatures
  2 adders (D:2)
  2 worms (D:2)
  A dart slug (D:1)
  3 ball pythons
  8 endoplasms
  14 goblins
  6 hobgoblins
  3 jackals
  A quokka (D:2)
  2 bats
  3 frilled lizards
  4 kobolds
  8 rats
57 creatures vanquished.

Notes
Turn   | Place    | Note
-------+----------+-------------------------------------------
     0 | D:1      | KittyFluff the Gargoyle Berserker began the quest for the
                  | Orb.
     0 | D:1      | Reached XP level 1. HP: 14/14 MP: 1/1
   110 | D:1      | Reached XP level 2. HP: 13/19 MP: 2/2
   428 | D:1      | Reached ** piety under Trog
   429 | D:1      | Reached XP level 3. HP: 21/23 MP: 3/3
  1153 | D:2      | Reached XP level 4. HP: 29/29 MP: 4/4
  1480 | D:2      | Reached skill level 4 in Fighting
  1515 | D:2      | Reached skill level 1 in Maces & Flails
  1525 | D:2      | Noticed Robin
  1538 | D:2      | Reached *** piety under Trog
  1545 | D:2      | Slain by Robin

Illustrated notes

Levels and vault maps discovered:
D:1:      ebering_trefoil_twist, layout_loops_cross, serial_glass,
          glass_columns_a, glass_columns_c, due_unseen_surprise,
          item_on_display_b, dk_noncrumbling_3
D:2:      minmay_skewed_foursquare, layout_basic, minmay_crystal_water,
          minmay_pentomino_w2, uniq_robin

Skill      XL: |  1  2  3  4 |
---------------+-------------+-----
Dodging        | 2 |  2.3
Armour         | 3 |  3.1
Fighting       | 4 |  4.0
Maces & Flails | 1 |  1.0
Unarmed Combat | |  3.3

Action                     |  1- 3 |  4- 6 || total
---------------------------+-------+-------++-------
  Melee: Unarmed           |    86 |       ||    86
         Punch             |     3 |     3 ||     6
         Mace              |    45 |    55 ||   100
         Club              |     3 |       ||     3
 Invoke: Berserk           |       |     1 ||     1
   Stab: Sleeping          |     1 |       ||     1
 Armour: Animal skin       |    71 |     1 ||    72
         Leather armour    |       |    48 ||    48
  Dodge: Dodged            |   118 |    44 ||   162
